 Dungeon Crawl Stone Soup version 0.29.0-4-gdea44cf6ec (webtiles) character file.

Game seed: 10228822554065230142

491 qw the Cleaver (level 6, -3/52 HPs)
             Began as a Minotaur Fighter on Sept 7, 2022.
             Slain by a yak (5 damage)
             ... on level 5 of the Dungeon.
             The game lasted 00:01:17 (3086 turns).

qw the Cleaver (Minotaur Fighter)                   Turns: 3086, Time: 00:01:18

Health: -3/52      AC:  8    Str: 20    XL:     6   Next: 91%
Magic:  5/5        EV:  9    Int:  5    God:
Gold:   264        SH:  4    Dex: 10    Spells: 5/5 levels left

rFire   . . .      SeeInvis .   Y - +1 war axe (freeze)
rCold   . . .      Faith    .   c - +0 buckler
rNeg    . . .      Spirit   .   b - +0 scale mail
rPois   .          Reflect  .   (helmet restricted)
rElec   .          Harm     .   (no cloak)
rCorr   .          Rampage  .   (no gloves)
Will    .....      Clarity  +   g - +0 pair of boots
Stlth   ..........              (no amulet)
HPRegen 0.17/turn               (no ring)
MPRegen 0.09/turn               (no ring)

@: about to teleport
A: horns 2, retaliatory headbutt, clarity, weak 1
a: no special abilities


You were on level 5 of the Dungeon.
You visited 1 branch of the dungeon, and saw 5 of its levels.

You collected 275 gold pieces.
You spent 11 gold pieces at shops.


Innate Abilities, Weirdness & Mutations

You have a pair of horns on your head.
You reflexively headbutt those who attack you in melee.
You possess an exceptional clarity of mind.
You are weak. (Str -2)


   Skills:
 - Level 4.2 Fighting
 + Level 8.6 Axes
 - Level 3.6 Armour
 - Level 1.0 Dodging
 - Level 3.6 Shields


You had 5 spell levels left.
You didn't know any spells.
Your spell library was empty.

Inventory:

Hand Weapons
 e - a +0 flail
 Y - a +1 war axe of freezing (weapon)
Missiles
 i - 9 boomerangs (quivered)
Armour
 b - a +0 scale mail (worn)
 c - a +0 buckler (worn)
 g - a +0 pair of boots (worn)
Jewellery
 m - a ring of protection from cold
Scrolls
 f - a scroll of noise {unknown}
 l - a scroll of teleportation
 n - a scroll of summoning {unknown}
Potions
 a - a potion of heal wounds {unknown}
 d - a potion of might
 h - a potion of curing {unknown}
 j - 2 potions of lignification {unknown}
 k - a potion of mutation

Dungeon Overview and Level Annotations

Branches:
Dungeon (4/15)
 Temple: D:4-7

Altars:
Ashenzari

Shops:
D:1 (*!

Annotations:
D:1 1 runed translucent door


Message History

A yak comes into view.
The yak misses you. The yak gores you.
The yak bellows!
You slash the yak! You freeze the yak.
You kill the yak!
A yak comes into view.
Your Axes skill increases to level 8!
The yak bellows!
You hit the yak. You freeze the yak. You headbutt the yak, but do no damage.
The yak is lightly wounded.
You hear a bellow!
The yak barely misses you.
You slash the yak! You freeze the yak.
The yak is moderately wounded.
The yak gores you.
You slash the yak! You freeze the yak. Your headbutt misses the yak.
The yak is severely wounded.
You hit the yak but do no damage. The yak gores you! The yak gores you.
You completely miss the yak.
The yak is severely wounded.
You barely miss the yak. The yak gores you but does no damage.
The yak barely misses you.
You hit the yak but do no damage.
The yak is severely wounded.
You barely miss the yak. The yak gores you but does no damage.
The yak gores you.
You slash the yak! You freeze the yak.
The yak is almost dead.
You closely miss the yak. The yak closely misses you.
The yak gores you but does no damage.
You barely miss the yak.
The yak is almost dead.
You hit the yak but do no damage.
The yak gores you. x2; The yak gores you but does no damage.
The yak gores you!
3086 ||| READING 2 scrolls of teleportation.
As you read the scroll of teleportation, it crumbles to dust.
You feel strangely unstable. The yak gores you.
You die...

######
#....# Y.
##@#### .Y.#
#YY#
#..##YY#
#.....##
#......###.#
#.........#
#..(.....##
#.......##
#.......#


You could see 4 yaks.

Vanquished Creatures
  A yak (D:5)
  An ogre (D:4)
  2 iguanas
  Natasha (twice) (D:3)
  2 gnolls (D:1)
  6 adders
  2 worms (D:3)
  2 dart slugs
  2 orcs
  6 endoplasms
  7 giant cockroaches
  5 goblins
  11 hobgoblins
  5 kobolds
  5 quokkas
  4 ball pythons
  7 bats
  4 frilled lizards
  9 rats
83 creatures vanquished.

Notes
Turn   | Place    | Note
-------+----------+-------------------------------------------
     0 | D:1      | qw the Minotaur Fighter began the quest for the Orb.
     0 | D:1      | Reached XP level 1. HP: 19/19 MP: 0/0
     0 | D:1      | 0 ||| qw: Version: 0.1-a-108-g9e35731
     0 | D:1      | 0 ||| qw: Game counter: 6467
     0 | D:1      | 0 ||| qw: Always use a shield: true
     0 | D:1      | 0 ||| qw: God list: Ru
     0 | D:1      | 0 ||| qw: Allow faded altars: false
     0 | D:1      | 0 ||| qw: Do Orc after D:15 true
     0 | D:1      | 0 ||| qw: Do second Lair branch before Depths: true
     0 | D:1      | 0 ||| qw: Lair rune preference: random
     0 | D:1      | 0 ||| qw: Plans: Normal
     0 | D:1      | 0 ||| PLANNING D:1-11
     1 | D:1      | Found a runed translucent door.
    19 | D:1      | Reached skill level 3 in Axes
    19 | D:1      | Reached XP level 2. HP: 26/26 MP: 1/1
   160 | D:1      | Found Xiemoin's Weapon Shop.
   172 | D:1      | 172 ||| SHOPLISTING +0 flail (38 gold, have 21).
   176 | D:1      | Found Qiphesu's General Store.
   191 | D:1      | 191 ||| BUYING +0 club (11 gold).
   191 | D:1      | Bought a +0 club for 11 gold pieces
   191 | D:1      | 191 ||| SHOPLISTING potion of resistance (110 gold, have
                  | 10).
   191 | D:1      | 191 ||| SHOPLISTING scroll of enchant weapon (82 gold, have
                  | 10).
   233 | D:1      | Found Veificzu's Distillery.
   241 | D:1      | 241 ||| SHOPLISTING 2 potions of curing (78 gold, have 34).
   241 | D:1      | 241 ||| SHOPLISTING 2 potions of haste (260 gold, have 34).
   241 | D:1      | 241 ||| SHOPLISTING potion of curing (39 gold, have 34).
   241 | D:1      | 241 ||| SHOPLISTING potion of haste (130 gold, have 34).
   241 | D:1      | 241 ||| SHOPLISTING potion of heal wounds (65 gold, have
                  | 34).
   389 | D:1      | Reached skill level 4 in Axes
   442 | D:1      | Reached XP level 3. HP: 31/31 MP: 2/2
   978 | D:1      | 978 ||| UPGRADING to +0 pair of boots.
   983 | D:1      | 983 ||| DROPPING ring of flight.
   984 | D:1      | 984 ||| READING scroll labelled GORUAR QYILAU.
  1041 | D:2      | 1041 ||| Stepping ~*~*~tactically~*~*~ (stealth).
  1062 | D:2      | 1062 ||| DROPPING +0 club.
  1086 | D:2      | 1086 ||| Stepping ~*~*~tactically~*~*~ (stealth).
  1092 | D:2      | Found a faded altar of an unknown god.
  1110 | D:2      | Reached skill level 5 in Axes
  1279 | D:2      | Reached XP level 4. HP: 39/39 MP: 3/3
  1357 | D:2      | Reached skill level 1 in Dodging
  1597 | D:2      | 1597 ||| READING scroll labelled FOUTSI LEGUCIY.
  1598 | D:2      | 1598 ||| READING scroll labelled VOROFO VAOTUCSI.
  1629 | D:3      | 1629 ||| PLANNING SEWER
  1876 | D:3      | 1876 ||| DRINKING 2 amethyst potions.
  1877 | D:3      | 1877 ||| DRINKING 2 cyan potions.
  1877 | D:3      | Gained mutation: You are weak. (Str -2) [potion of
                  | mutation]
  1877 | D:3      | Gained mutation: You possess an exceptional clarity of
                  | mind. [potion of mutation]
  1878 | D:3      | 1878 ||| DROPPING potion of brilliance.
  1885 | D:3      | Found a broken altar of Ashenzari.
  1964 | D:3      | Reached skill level 6 in Axes
  2047 | D:3      | Reached XP level 5. HP: 45/45 MP: 4/4
  2248 | D:3      | Noticed Natasha
  2253 | D:3      | Killed Natasha
  2324 | D:3      | 2324 ||| Stepping ~*~*~tactically~*~*~ (stealth).
  2348 | D:3      | 2348 ||| RIP SEWER
  2352 | D:3      | 2352 ||| PLANNING D:1-11
  2540 | D:3      | Noticed Natasha
  2543 | D:3      | Killed Natasha
  2544 | D:3      | Reached skill level 7 in Axes
  2652 | D:3      | 2652 ||| READING 2 scrolls labelled DOIMEO VURADGH.
  2656 | D:3      | 2656 ||| READING scroll labelled XOAPA AXUU.
  2657 | D:3      | 2657 ||| DRINKING 2 ruby potions.
  2658 | D:3      | 2658 ||| DROPPING potion of flight.
  2862 | D:4      | Reached XP level 6. HP: 52/52 MP: 5/5
  3061 | D:4      | You fall into a shaft and drop 1 floor!
  3061 | D:5      | Entered Level 5 of the Dungeon
  3062 | D:5      | 3062 ||| PLANNING OSSUARY
  3066 | D:5      | Noticed a yak
  3066 | D:5      | Noticed a yak
  3067 | D:5      | 3067 ||| Stepping ~*~*~tactically~*~*~ (stealth).
  3076 | D:5      | Noticed a yak
  3077 | D:5      | Noticed a yak
  3078 | D:5      | Killed a yak
  3078 | D:5      | Noticed a yak
  3079 | D:5      | Reached skill level 8 in Axes
  3085 | D:5      | HP: 2/52 [yak (12)]
  3086 | D:5      | 3086 ||| READING 2 scrolls of teleportation.
  3086 | D:5      | Slain by a yak

Levels and vault maps discovered:
D:1:      dpeg_arrival_caged_fury, layout_basic, serial_shops,
          nicolae_diamond_shop, nicolae_shop_bloodbath_and_beyond,
          nicolae_shop_temple_entry_statues_fountains, grunt_decor_cap,
          serial_bayou_ford_a
D:2:      layout_loops_cross, hellmonk_ecumenical_altar_pennies_from_heaven
D:3:      layout_loops_ring, nicolae_ashenzari_skybound, gup_sewer_entry_spiral,
          grunt_decor_one_mirror, wander_ebering_terrifying_dragon_lair,
          uniq_natasha
D:4:      layout_cave_pools, grunt_qazlal_clouds, temple_green
D:5:      layout_layer_cave, enter_ossuary_1

Skill      XL: |  1  2  3  4  5  6 |
---------------+-------------------+-----
Axes           | 3 4 5 6 7 8 |  8.6
Dodging        | 1 |  1.0
Fighting       | 4 |  4.2
Armour         | |  3.6
Shields        | |  3.6

Action                   |  1- 3 |  4- 6 || total
-------------------------+-------+-------++-------
Melee: War axe           |    65 |    87 ||   152
       Headbutt          |     6 |    10 ||    16
Throw: Boomerang         |    32 |    65 ||    97
  Use: Scroll            |     1 |     5 ||     6
       Potion            |       |     3 ||     3
Armor: Scale mail        |    23 |    27 ||    50
Dodge: Dodged            |    28 |    34 ||    62
Block: Buckler           |     8 |     9 ||    17

Table legend:
 A = Non-vault XP
 B = Vault XP
 C = Vault XP percentage of total XP
 D = Non-vault monster count
 E = Vault monster count
 F = Vault count percentage of total count
                 A         B        C        D         E       F
            +---------+---------+-------+---------+---------+-------
      Total |     652 |      50 |   7.1 |      74 |       9 |  10.8
            +---------+---------+-------+---------+---------+-------
        D:1 |      62 |       0 |   0.0 |      22 |       0 |   0.0
        D:2 |      67 |       0 |   0.0 |      24 |       0 |   0.0
        D:3 |     144 |      50 |  25.8 |      19 |       9 |  32.1
        D:4 |     180 |       0 |   0.0 |       8 |       0 |   0.0
        D:5 |     199 |       0 |   0.0 |       1 |       0 |   0.0
            +---------+---------+-------+---------+---------+-------
